[Event "ICC tourney 2479 (75 10)"]
[Site "Internet Chess Club"]
[Date "2021.03.27"]
[Round "1"]
[White "Goldblatt, Steven:SGOLD9367"]
[Black "Singh, Saharsh:saharshsingh02"]
[Result "1-0"]
[ICCResult "Black resigns"]
[WhiteElo "1318"]
[BlackElo "914"]
[Opening "Queen's gambit declined"]
[ECO "D30"]
[NIC "QO.17"]
[Time "12:02:01"]
[PlyCount "31"]
[TimeControl "4500+10"]

1. d4 e6 2. c4 d5 3. Nf3 Bb4+ 4. Bd2 Qe7 5. Ne5 Bxd2+ 6. Nxd2 Nd7 7. Nxd7
Bxd7 8. Qb3 b6 9. e3 Nf6 10. Bd3 O-O 11. Rc1 a5 12. a3 Ng4 13. cxd5 Qh4 14.
g3 Qf6 15. Ne4 exd5 16. Nxf6+ { Black resigns } 1-0

[Event "ICC tourney 2479 (75 10)"]
[Site "Internet Chess Club"]
[Date "2021.03.27"]
[Round "1"]
[White "Wu, Terrain:Brainstormer"]
[Black "McQuillin, Danil Alsandair:DanilMcQuillin"]
[Result "0-1"]
[ICCResult "White checkmated"]
[WhiteElo "605"]
[BlackElo "1193"]
[Opening "KP: Lopez opening"]
[ECO "C20"]
[NIC "KP.10"]
[Time "12:01:57"]
[PlyCount "46"]
[TimeControl "4500+10"]

1. e4 e5 2. c3 Nf6 3. d3 d5 4. Nd2 Bc5 5. Nb3 Bb6 6. Bg5 dxe4 7. Bxf6 Qxf6
8. Qe2 exd3 9. Qxd3 Qxf2+ 10. Kd1 Ke7 11. Nh3 Bxh3 12. gxh3 Rd8 13. Nd4
Bxd4 14. Qc2 Be3+ 15. Bd3 Qf3+ 16. Qe2 Rxd3+ 17. Ke1 Qxh1+ 18. Qf1 Bd2+ 19.
Ke2 Qe4+ 20. Kf2 Qf3+ 21. Kg1 Be3+ 22. Qf2 Qxf2+ 23. Kh1 Qf3# { White
checkmated } 0-1

[Event "ICC tourney 2479 (75 10)"]
[Site "Internet Chess Club"]
[Date "2021.03.27"]
[Round "1"]
[White "COVEY, THEODORE DEAN:VirginiaGuy"]
[Black "VASHISHT, ANEESH:aneeshgm2013"]
[Result "1-0"]
[ICCResult "Black checkmated"]
[WhiteElo "1218"]
[BlackElo "698"]
[Opening "Queen's pawn game"]
[ECO "D02"]
[NIC "QP.08"]
[Time "12:02:04"]
[PlyCount "107"]
[TimeControl "4500+10"]

1. d4 d5 2. Nf3 Bg4 3. Ne5 Bf5 4. Bf4 Nc6 5. e3 Nxe5 6. Bxe5 Nf6 7. c4 dxc4
8. Bxc4 Bg4 9. Qb3 Rb8 10. Bxf7+ Kd7 11. Bxf6 exf6 12. Qd5+ Kc8 13. Be6+
Bxe6 14. Qxe6+ Qd7 15. Qxd7+ Kxd7 16. Nc3 Bb4 17. O-O Bxc3 18. bxc3 h5 19.
c4 g5 20. Rab1 g4 21. Rb5 c6 22. Rb2 h4 23. Rfb1 Kc7 24. a4 g3 25. hxg3
hxg3 26. fxg3 Rh7 27. Rf2 Rbh8 28. Rff1 Rh1+ 29. Kf2 Rxf1+ 30. Rxf1 Kb6 31.
Rb1+ Ka5 32. Rxb7 Kxa4 33. Rxa7+ Kb4 34. c5 Kc4 35. Rc7 Rf8 36. Rxc6 f5 37.
Rd6 Ra8 38. Rf6 Ra2+ 39. Kf3 Kd3 40. Rxf5 Ra1 41. c6 Rf1+ 42. Kg4 Rxf5 43.
Kxf5 Kc4 44. c7 Kd5 45. c8=Q Kd6 46. Qc5+ Kd7 47. Qb6 Ke7 48. Qe6+ Kd8 49.
Qf7 Kc8 50. g4 Kd8 51. g5 Kc8 52. g6 Kd8 53. g7 Kc8 54. g8=Q# { Black
checkmated } 1-0

[Event "ICC tourney 2479 (75 10)"]
[Site "Internet Chess Club"]
[Date "2021.03.27"]
[Round "1"]
[White "HUA, OLIVER:oxdidi"]
[Black "LI, BOYANG:McTiger"]
[Result "0-1"]
[ICCResult "White resigns"]
[WhiteElo "993"]
[BlackElo "1361"]
[Opening "Sicilian defense"]
[ECO "B40"]
[NIC "SI.43"]
[Time "12:02:08"]
[PlyCount "50"]
[TimeControl "4500+10"]

1. e4 c5 2. Nf3 e6 3. Bc4 Nf6 4. e5 d5 5. exf6 dxc4 6. fxg7 Bxg7 7. Nc3 Nc6
8. O-O b6 9. Re1 Bb7 10. d3 cxd3 11. cxd3 Qd7 12. Bg5 f6 13. Bh4 O-O 14.
Qe2 Rae8 15. Rad1 e5 16. h3 Nd4 17. Nxd4 exd4 18. Ne4 f5 19. Nxc5 bxc5 20.
Qc2 Be5 21. Qxc5 Qg7 22. g3 f4 23. Qxa7 fxg3 24. f4 Bxf4 25. Rxe8 Rxe8 {
White resigns } 0-1

[Event "ICC tourney 2479 (75 10)"]
[Site "Internet Chess Club"]
[Date "2021.03.27"]
[Round "1"]
[White "STALEY, TIMOTHY:PirateKing"]
[Black "GUAN , TSZ YEUNG:DanielGuan"]
[Result "0-1"]
[ICCResult "White resigns"]
[WhiteElo "864"]
[BlackElo "1280"]
[Opening "King's Indian: London system"]
[ECO "A45"]
[NIC "QP.03"]
[Time "12:01:57"]
[PlyCount "86"]
[TimeControl "4500+10"]

1. d4 Nf6 2. Bf4 g6 3. Nf3 Bg7 4. e3 O-O 5. Bd3 d6 6. Nbd2 Nc6 7. c3 Re8 8.
O-O e5 9. dxe5 dxe5 10. Bg5 Qxd3 11. Ne1 Qd6 12. Bxf6 Qxf6 13. Qb3 Qe6 14.
Qb5 a6 15. Qe2 Bd7 16. Nef3 Qe7 17. b4 e4 18. Nd4 Nxd4 19. exd4 Bb5 20. c4
Bd7 21. c5 Bxd4 22. Rad1 Bb5 23. Nc4 Bg7 24. Qc2 Qe6 25. Rd4 Bxd4 26. Rd1
Qxc4 27. Qxc4 Bxc4 28. Rxd4 Rad8 29. Rxd8 Rxd8 30. g3 Bxa2 31. c6 bxc6 32.
b5 cxb5 33. Kg2 b4 34. Kh3 b3 35. Kg4 f5+ 36. Kh3 b2 37. f4 b1=Q 38. Kh4
Bc4 39. h3 Qd1 40. Kg5 Kg7 41. g4 fxg4 42. f5 h6+ 43. Kf4 Qf3+ { White
resigns } 0-1

[Event "ICC tourney 2479 (75 10)"]
[Site "Internet Chess Club"]
[Date "2021.03.27"]
[Round "1"]
[White "SRIPADA, ANISHA:waterycargo"]
[Black "CAI, ANDREW:minecraftchess"]
[Result "1-0"]
[ICCResult "Black checkmated"]
[WhiteElo "1241"]
[BlackElo "845"]
[Opening "Queen's pawn, Mason variation"]
[ECO "D00"]
[NIC "QP.08"]
[Time "12:02:11"]
[PlyCount "109"]
[TimeControl "4500+10"]

1. d4 d5 2. Bf4 Nf6 3. e3 b6 4. Nf3 c5 5. c3 Nc6 6. Bd3 Bg4 7. Bb5 Bd7 8.
Ne5 Nxe5 9. dxe5 Bxb5 10. exf6 exf6 11. Nd2 Be7 12. Qb3 Bc6 13. O-O O-O 14.
Rfd1 Bd6 15. Bg3 Bxg3 16. hxg3 Re8 17. c4 d4 18. exd4 cxd4 19. Nf3 Qd6 20.
Rxd4 Qc7 21. Rad1 Rad8 22. Qd3 Rd7 23. Rxd7 Bxd7 24. Qxd7 Qxd7 25. Rxd7 a5
26. Rb7 h6 27. Rxb6 Re4 28. c5 Kf8 29. c6 Rc4 30. Kf1 Ke7 31. Ke2 Kd6 32.
Kd3 Rc5 33. Kd4 Rc2 34. Ke3 Kc7 35. Rb5 a4 36. Rb4 Kxc6 37. Nd4+ Kc5 38.
Nxc2 f5 39. Rxa4 g5 40. Ra5+ Kc4 41. Rxf5 f6 42. Rxf6 Kc5 43. Rxh6 g4 44.
Rg6 Kd5 45. a4 Kc5 46. Rxg4 Kb6 47. b4 Ka6 48. Rg6+ Kb7 49. a5 Ka7 50. b5
Kb7 51. g4 Kc7 52. a6 Kb8 53. Rg7 Ka8 54. b6 Kb8 55. Rg8# { Black
checkmated } 1-0

[Event "ICC tourney 2479 (75 10)"]
[Site "Internet Chess Club"]
[Date "2021.03.27"]
[Round "1"]
[White "WANG, ALAN:alanwangmd"]
[Black "MADSEN, STUART:gmstuartscott"]
[Result "1/2-1/2"]
[ICCResult "Game drawn by repetition"]
[WhiteElo "1340"]
[BlackElo "981"]
[Opening "Bishop's opening: Ponziani gambit"]
[ECO "C24"]
[NIC "IG.04"]
[Time "12:02:08"]
[PlyCount "97"]
[TimeControl "4500+10"]

1. e4 e5 2. Bc4 Nf6 3. d4 d6 4. dxe5 Nxe4 5. Bxf7+ Kxf7 6. Qd5+ Be6 7. Qxe4
Kg8 8. exd6 Qxd6 9. Nf3 Nd7 10. O-O Nf6 11. Qf4 Qxf4 12. Bxf4 c6 13. Nc3
Rd8 14. Rfe1 Bf5 15. Rac1 h6 16. h4 Nh5 17. Bh2 Bg4 18. Ne5 Nf6 19. f3 Bf5
20. g4 Bc5+ 21. Kf1 Rd2 22. Bg3 Bxc2 23. Re2 Bd3 24. Nxd3 Rxd3 25. Kg2 Kh7
26. g5 hxg5 27. hxg5 Nh5 28. Rh1 g6 29. Ne4 Bd4 30. Bf2 Kg7 31. Bxd4+ Rxd4
32. Kf2 Rhd8 33. Rh4 Rf8 34. Ke3 Rd5 35. Reh2 Rdf5 36. Nf6 Nxf6 37. gxf6+
Kxf6 38. Rh7 Re8+ 39. Kf2 Rb5 40. b3 Rbe5 41. Kg3 Rg5+ 42. Kf2 Rge5 43. Kg3
Rg5+ 44. Kf2 Rge5 45. Kg3 Rg5+ 46. Kf2 Rge5 47. Kg3 Rg5+ 48. Kf2 Rge5 49.
Kg3 { Game drawn by repetition } 1/2-1/2

[Event "ICC tourney 2479 (75 10)"]
[Site "Internet Chess Club"]
[Date "2021.03.27"]
[Round "1"]
[White "Hawkins, Russell:ThatGuyRussell"]
[Black "KAMATH, ABHAY:Altra26"]
[Result "1-0"]
[ICCResult "Black checkmated"]
[WhiteElo "1127"]
[BlackElo "357"]
[Opening "Neo-Grünfeld defense"]
[ECO "D70"]
[NIC "QP.08"]
[Time "12:02:38"]
[PlyCount "53"]
[TimeControl "4500+10"]

1. d4 d5 2. Nf3 g6 3. c4 Nf6 4. cxd5 Nxd5 5. e4 Nf6 6. Nc3 Bg7 7. Be2 O-O
8. O-O b6 9. Bg5 Nh5 10. Qd2 Nc6 11. Rfd1 Re8 12. Rac1 Nb4 13. a3 Na6 14.
e5 f6 15. Bxa6 Bxa6 16. g4 fxg5 17. gxh5 gxh5 18. Qxg5 h6 19. Qxh5 Be2 20.
Rd2 Bc4 21. d5 e6 22. dxe6 Bd3 23. Rcd1 Rxe6 24. Rxd3 Qc8 25. Rd7 Qa6 26.
Qf7+ Kh8 27. Qxg7# { Black checkmated } 1-0

[Event "ICC tourney 2479 (75 10)"]
[Site "Internet Chess Club"]
[Date "2021.03.27"]
[Round "1"]
[White "CAI, ALBERT:Alberttheshow"]
[Black "Kirumaki, Shreya A:Chesspenguin123"]
[Result "0-1"]
[ICCResult "White checkmated"]
[WhiteElo "522"]
[BlackElo "1129"]
[Opening "Giuoco Piano"]
[ECO "C54"]
[NIC "IG.02"]
[Time "12:02:06"]
[PlyCount "134"]
[TimeControl "4500+10"]

1. e4 e5 2. Nf3 Nc6 3. Bc4 Bc5 4. c3 Nf6 5. d4 Bd6 6. Bg5 O-O 7. O-O h6 8.
Bh4 Re8 9. Re1 b6 10. Bd5 Bb7 11. Nbd2 g5 12. Bg3 Rb8 13. Nc4 Nxd5 14. exd5
Ne7 15. dxe5 Bxe5 16. Bxe5 Bxd5 17. Ne3 Bxf3 18. Qxf3 Ng6 19. Nc4 b5 20.
Bf6 Qc8 21. Ne5 Nh4 22. Qh5 Rxe5 23. Rxe5 Qf8 24. Rae1 Ng6 25. Re8 Rxe8 26.
Rxe8 Qxe8 27. h3 c5 28. Qxh6 Qf8 29. Qxg5 Qd6 30. h4 Qd1+ 31. Kh2 Qd6+ 32.
g3 Kf8 33. h5 Ne7 34. Bxe7+ Qxe7 35. Qxe7+ Kxe7 36. h6 Kf6 37. f4 Kg6 38.
Kh3 Kxh6 39. g4 d5 40. Kg3 Kg6 41. Kf3 Kf6 42. Ke3 a5 43. Kd3 Ke6 44. b3
c4+ 45. bxc4 dxc4+ 46. Kc2 Kd5 47. Kb2 Ke4 48. f5 Kf4 49. a3 Kxg4 50. f6
Kg5 51. a4 bxa4 52. Ka3 Kxf6 53. Kxa4 Ke5 54. Kxa5 f5 55. Kb4 Kd5 56. Ka3
f4 57. Kb2 f3 58. Kc2 f2 59. Kd2 f1=Q 60. Ke3 Qd3+ 61. Kf4 Qe2 62. Kf5 Qf2+
63. Kg4 Ke5 64. Kg5 Qg2+ 65. Kh6 Kf5 66. Kh7 Kf6 67. Kh8 Qg7# { White
checkmated } 0-1

[Event "ICC tourney 2479 (75 10)"]
[Site "Internet Chess Club"]
[Date "2021.03.27"]
[Round "1"]
[White "STORCK, PHILIP:Pip04"]
[Black "Ramkumar, Nikhil:nikhilramkumar"]
[Result "0-1"]
[ICCResult "White resigns"]
[WhiteElo "1168"]
[BlackElo "569"]
[Opening "Queen's pawn: London system"]
[ECO "A45"]
[NIC "QP.07"]
[Time "12:02:13"]
[PlyCount "58"]
[TimeControl "4500+10"]

1. d4 Nf6 2. Bf4 d5 3. e3 c5 4. Nc3 Be6 5. Nb5 Na6 6. dxc5 Bd7 7. Nf3 Bxb5
8. Bxb5+ Nd7 9. Qd2 e6 10. b4 Nc7 11. Nd4 e5 12. Bxe5 Nxb5 13. Nxb5 Nxe5
14. O-O-O a6 15. Qxd5 axb5 16. Qxe5+ Qe7 17. Qf4 g6 18. Rd5 Bg7 19. Kb1 f5
20. Rhd1 h5 21. Qd6 Qxd6 22. Rxd6 Ra4 23. Rd8+ Kf7 24. R1d7+ Kf6 25. Rd6+
Kf7 26. R6d7+ Kf6 27. Kb2 Rxd8 28. Rxd8 Ke7+ 29. Kb3 Kxd8 { White resigns }
0-1

[Event "ICC tourney 2479 (75 10)"]
[Site "Internet Chess Club"]
[Date "2021.03.27"]
[Round "1"]
[White "HELLER, JACK G:Maximusiv"]
[Black "FINETTE, STEVEN:chess278"]
[Result "0-1"]
[ICCResult "White resigns"]
[WhiteElo "932"]
[BlackElo "1323"]
[Opening "Caro-Kann: classical variation"]
[ECO "B18"]
[NIC "CK.10"]
[Time "12:01:59"]
[PlyCount "82"]
[TimeControl "4500+10"]

1. e4 c6 2. d4 d5 3. Nc3 dxe4 4. Nxe4 Bf5 5. Ng3 Bg6 6. Nf3 Nd7 7. Bd3 Bxd3
8. Qxd3 Ngf6 9. Bg5 e6 10. O-O-O Be7 11. Ne4 Nxe4 12. Bxe7 Qxe7 13. Qxe4
Nf6 14. Qd3 O-O 15. h4 a5 16. Ng5 a4 17. Qa3 Qxa3 18. bxa3 h6 19. Nf3 Ne4
20. Rhf1 Rfd8 21. Rd3 Ra5 22. Nd2 Nxd2 23. Kxd2 Rb5 24. Ra1 Kf8 25. Kc1
Rbd5 26. c3 c5 27. Rb1 cxd4 28. cxd4 Rxd4 29. Rxd4 Rxd4 30. Rxb7 e5 31. Rb4
Ke7 32. Rxd4 exd4 33. Kd2 Ke6 34. Kd3 Kd5 35. f4 f5 36. h5 Kc5 37. g4 fxg4
38. f5 g3 39. Ke2 Kc4 40. Kf3 d3 41. Kxg3 d2 { White resigns } 0-1

[Event "ICC tourney 2479 (75 10)"]
[Site "Internet Chess Club"]
[Date "2021.03.27"]
[Round "1"]
[White "SHARMA, ABDD:catseyenebula"]
[Black "HAUGHT-TROMP, MATTHEW:MatthewHT"]
[Result "1-0"]
[ICCResult "Black resigns"]
[WhiteElo "1369"]
[BlackElo "1037"]
[Opening "English opening"]
[ECO "A10"]
[NIC "EO.64"]
[Time "12:02:08"]
[PlyCount "85"]
[TimeControl "4500+10"]

1. c4 d6 2. g3 Nd7 3. Bg2 e5 4. Nc3 Ngf6 5. d3 Be7 6. Nf3 O-O 7. O-O c6 8.
Bg5 Qc7 9. b4 a6 10. Qa4 Nb6 11. Qa5 Qd8 12. Bxf6 Bxf6 13. Ne4 Be7 14. c5
Nd5 15. cxd6 Bxd6 16. Qxd8 Rxd8 17. Nxd6 Rxd6 18. Nxe5 Re6 19. d4 Nxb4 20.
e3 Nd5 21. Rfc1 f6 22. Bxd5 cxd5 23. Nd3 b6 24. Rc7 Kf8 25. Rac1 Re8 26.
Nf4 Be6 27. R1c6 g5 28. Nxe6+ Kg8 29. Rxb6 Reb8 30. Rxb8+ Rxb8 31. Ra7 Rb6
32. Nc5 h5 33. Rxa6 Rb2 34. a4 h4 35. Rxf6 h3 36. Kf1 Rb1+ 37. Ke2 Rh1 38.
Rf5 Rxh2 39. Rxg5+ Kf7 40. Rh5 Rh1 41. a5 h2 42. a6 Kg6 43. Rh4 { Black
resigns } 1-0

[Event "ICC tourney 2479 (75 10)"]
[Site "Internet Chess Club"]
[Date "2021.03.27"]
[Round "1"]
[White "NAIR, PRANAV PRASANTH:pkcl"]
[Black "RANA, OLIVER:oliver-kc"]
[Result "1-0"]
[ICCResult "Black checkmated"]
[WhiteElo "1284"]
[BlackElo "882"]
[Opening "Sicilian: Najdorf, Adams attack"]
[ECO "B90"]
[NIC "SI.14"]
[Time "12:02:01"]
[PlyCount "171"]
[TimeControl "4500+10"]

1. e4 c5 2. Nf3 d6 3. d4 cxd4 4. Nxd4 Nf6 5. Nc3 a6 6. h3 e5 7. Nb3 Be7 8.
Be3 O-O 9. Be2 b5 10. Bf3 Bb7 11. a3 Nc6 12. O-O Rc8 13. Qd2 Na5 14. Nxa5
Qxa5 15. Nd5 Qd8 16. Nxe7+ Qxe7 17. Qd3 d5 18. Bg5 dxe4 19. Bxf6 Qxf6 20.
Bxe4 Bxe4 21. Qxe4 Rc4 22. Qe2 Rh4 23. Rfd1 Qg6 24. Rd3 e4 25. Rg3 Qd6 26.
Rd1 Qe5 27. c3 f5 28. Rd7 Rf7 29. Rxf7 Kxf7 30. Qd2 Qf6 31. Qd7+ Kg8 32.
Qe8+ Qf8 33. Qe6+ Kh8 34. Qxa6 f4 35. Rg4 Rxg4 36. hxg4 Qe8 37. Qb6 h6 38.
Qd4 e3 39. Kf1 e2+ 40. Ke1 Qe6 41. Qxf4 Qa2 42. Qd2 Qb1+ 43. Kxe2 Qe4+ 44.
Qe3 Qxg4+ 45. Qf3 Qe6+ 46. Kf1 Qa2 47. Qf8+ Kh7 48. Qf5+ g6 49. Qxb5 Qb1+
50. Ke2 Qe4+ 51. Kd2 Qxg2 52. Qd7+ Kh8 53. Qd4+ Kh7 54. Kc2 h5 55. b4 g5
56. Qd3+ Kg7 57. Qd4+ Kg6 58. b5 h4 59. Qd6+ Kh5 60. Qd1+ g4 61. Qe2 Qd5
62. Qe8+ Kg5 63. Qe3+ Kh5 64. b6 h3 65. Qe8+ Kh4 66. Qe7+ Qg5 67. Qxg5+
Kxg5 68. b7 h2 69. b8=Q h1=Q 70. Qg8+ Kf4 71. Qf7+ Kg5 72. Qg7+ Kf4 73.
Qf6+ Ke4 74. Qc6+ Kf5 75. Qxh1 g3 76. fxg3 Kg5 77. Qf3 Kg6 78. Qf4 Kg7 79.
Qf5 Kg8 80. Qf6 Kh7 81. Qg5 Kh8 82. Kd3 Kh7 83. Ke4 Kh8 84. Kf5 Kh7 85. Kf6
Kh8 86. Qg7# { Black checkmated } 1-0

[Event "ICC tourney 2479 (75 10)"]
[Site "Internet Chess Club"]
[Date "2021.03.27"]
[Round "1"]
[White "PRABHU, VARUN:varunprabhu"]
[Black "procopio, Patti:prostripe"]
[Result "0-1"]
[ICCResult "White checkmated"]
[WhiteElo "699"]
[BlackElo "1223"]
[Opening "Caro-Kann: advance variation"]
[ECO "B12"]
[NIC "CK.04"]
[Time "12:02:06"]
[PlyCount "106"]
[TimeControl "4500+10"]

1. e4 c6 2. d4 d5 3. e5 Bf5 4. Nc3 Nd7 5. h3 h5 6. Nf3 e6 7. Bd3 Bxd3 8.
Qxd3 Qb6 9. O-O Nh6 10. b3 Nf5 11. Na4 Qc7 12. Bd2 Be7 13. Bg5 Nb6 14. Nxb6
axb6 15. Bxe7 Qxe7 16. a4 O-O 17. c4 dxc4 18. bxc4 Rfd8 19. Qc3 c5 20. dxc5
bxc5 21. Rfe1 Rd7 22. Qc1 Rad8 23. Qg5 Qxg5 24. Nxg5 Nd4 25. Ra2 Nc6 26.
Ne4 Rd1 27. Ra1 Rxe1+ 28. Rxe1 b6 29. f4 Rd4 30. g3 Rxc4 31. Ng5 Rxa4 32.
Rd1 Nd4 33. h4 g6 34. Rb1 b5 35. Nh3 Kf8 36. Nf2 c4 37. Nd1 Ra3 38. Kf1
Rxg3 39. Kf2 Ra3 40. Ne3 Ra2+ 41. Ke1 Nf3+ 42. Kf1 Nd2+ 43. Ke1 Nxb1 44.
Kd1 Nc3+ 45. Ke1 Re2+ 46. Kf1 Rxe3 47. Kf2 Rd3 48. Ke1 b4 49. Kf2 b3 50.
Kg2 b2 51. Kf2 b1=Q 52. Kg2 Qb2+ 53. Kf1 Rd1# { White checkmated } 0-1

[Event "ICC tourney 2479 (75 10)"]
[Site "Internet Chess Club"]
[Date "2021.03.27"]
[Round "1"]
[White "MANTRI, RISHAB SAI:Rishabmantri"]
[Black "Button, Zach Ellis:zbutton"]
[Result "1/2-1/2"]
[ICCResult "Game drawn by repetition"]
[WhiteElo "901"]
[BlackElo "1316"]
[Opening "Sicilian"]
[ECO "B50"]
[NIC "SI.01"]
[Time "12:02:04"]
[PlyCount "124"]
[TimeControl "4500+10"]

1. e4 c5 2. Nf3 d6 3. c3 Nf6 4. Bb5+ Bd7 5. Bxd7+ Nbxd7 6. Qe2 g6 7. d4 e6
8. Bg5 Qb6 9. b3 Bg7 10. Nbd2 O-O 11. O-O Rac8 12. Nc4 Qa6 13. Rfe1 Nxe4
14. Qxe4 d5 15. Qd3 dxc4 16. bxc4 cxd4 17. Nxd4 Qxc4 18. Re3 Qxd3 19. Rxd3
Ne5 20. Re3 Nc6 21. Rd3 h6 22. Be3 Rfd8 23. Nxc6 bxc6 24. Rxd8+ Rxd8 25.
Bxa7 Bxc3 26. Rc1 Rd2 27. Be3 Rd3 28. Bxh6 Bd4 29. Re1 Ra3 30. Re2 c5 31.
Rc2 e5 32. g3 f5 33. Bd2 Kf7 34. Kf1 Ke6 35. Ke2 Kd5 36. f3 e4 37. fxe4+
Kxe4 38. Bc1 Rf3 39. Ke1 Rc3 40. Rxc3 Bxc3+ 41. Ke2 c4 42. a4 Ba5 43. Bb2
c3 44. Bc1 c2 45. Bd2 Bb4 46. Bc1 Ba5 47. h3 Bb4 48. Bb2 Bc3 49. Bc1 Ba5
50. Bb2 Bc3 51. Ba3 Bb4 52. Bb2 Bc3 53. Bc1 Ba5 54. Bd2 Bb4 55. Bc1 Ba5 56.
Ba3 Bb4 57. Bb2 Bc3 58. Ba3 Bb4 59. Bc1 Ba5 60. Bd2 Bb4 61. Bc1 Ba5 62. Ba3
Bb4 { Game drawn by repetition } 1/2-1/2

[Event "ICC tourney 2479 (75 10)"]
[Site "Internet Chess Club"]
[Date "2021.03.27"]
[Round "2"]
[White "RANA, OLIVER:oliver-kc"]
[Black "Wu, Terrain:Brainstormer"]
[Result "1-0"]
[ICCResult "Black checkmated"]
[WhiteElo "882"]
[BlackElo "605"]
[Opening "English: symmetrical, four knights system"]
[ECO "A35"]
[NIC "EO.64"]
[Time "15:32:51"]
[PlyCount "53"]
[TimeControl "4500+10"]

1. c4 c5 2. Nc3 Nc6 3. Nf3 Nf6 4. d4 cxd4 5. Nxd4 Ne5 6. e4 b6 7. Be2 e6 8.
O-O Be7 9. f4 Nc6 10. Nxc6 dxc6 11. Qxd8+ Kxd8 12. e5 Bc5+ 13. Kh1 Nd7 14.
Ne4 Bd4 15. Nd6 Ke7 16. f5 Nxe5 17. Ne4 exf5 18. Ng3 Ba6 19. Nxf5+ Ke6 20.
Nxd4+ Kd6 21. Bf4 Rae8 22. Rad1 Kc5 23. Nb3+ Kb4 24. Bd2+ Ka4 25. Rc1 Rd8
26. Bd1 Nxc4 27. Nd4# { Black checkmated } 1-0

[Event "ICC tourney 2479 (75 10)"]
[Site "Internet Chess Club"]
[Date "2021.03.27"]
[Round "2"]
[White "CAI, ANDREW:minecraftchess"]
[Black "CAI, ALBERT:Alberttheshow"]
[Result "1-0"]
[ICCResult "Black checkmated"]
[WhiteElo "845"]
[BlackElo "522"]
[Opening "Giuoco Piano"]
[ECO "C50"]
[NIC "IG.02"]
[Time "15:32:06"]
[PlyCount "53"]
[TimeControl "4500+10"]

1. e4 e5 2. Nf3 Nc6 3. Bc4 Bc5 4. O-O Nf6 5. Nc3 O-O 6. d3 Re8 7. Bg5 h6 8.
Bh4 d6 9. Nd5 Bg4 10. h3 Bh5 11. Nxf6+ gxf6 12. c3 Qe7 13. g4 Bg6 14. Re1
Rad8 15. d4 exd4 16. cxd4 Bb4 17. Re2 Bxe4 18. Nd2 Bxd2 19. Qxd2 d5 20.
Qxh6 dxc4 21. Bxf6 Qxf6 22. Qxf6 Rxd4 23. f3 Re6 24. Qg5+ Rg6 25. Qh4 Bxf3
26. Re8+ Kg7 27. Qh8# { Black checkmated } 1-0

[Event "ICC tourney 2479 (75 10)"]
[Site "Internet Chess Club"]
[Date "2021.03.27"]
[Round "2"]
[White "VASHISHT, ANEESH:aneeshgm2013"]
[Black "HELLER, JACK G:Maximusiv"]
[Result "0-1"]
[ICCResult "White checkmated"]
[WhiteElo "698"]
[BlackElo "932"]
[Opening "Scandinavian (center counter) defense"]
[ECO "B01"]
[NIC "VO.17"]
[Time "15:31:57"]
[PlyCount "76"]
[TimeControl "4500+10"]

1. e4 d5 2. d3 dxe4 3. dxe4 Qxd1+ 4. Kxd1 Nc6 5. Nc3 Nf6 6. Nb5 Kd7 7. Nf3
Nxe4 8. Ke1 a6 9. Nc3 Nxc3 10. bxc3 e5 11. Ng5 Ke8 12. Bc4 Be6 13. Bxe6
fxe6 14. Nxe6 Kd7 15. Ng5 Be7 16. Nf7 Rhf8 17. Nxe5+ Nxe5 18. Rb1 b6 19.
Be3 Bc5 20. Bxc5 bxc5 21. Rd1+ Kc6 22. h4 Rae8 23. Kd2 Rxf2+ 24. Ke3 Rxg2
25. Rc1 Rf8 26. Ke4 Ng4 27. c4 Nf2+ 28. Ke3 Nxh1 29. Rxh1 Rxc2 30. Ra1 Rxc4
31. h5 Rh4 32. a4 Rxh5 33. Rg1 Re5+ 34. Kd3 Rd8+ 35. Kc4 g6 36. Rh1 Re3 37.
Rh4 Rdd3 38. Rd4 Rc3# { White checkmated } 0-1

[Event "ICC tourney 2479 (75 10)"]
[Site "Internet Chess Club"]
[Date "2021.03.27"]
[Round "2"]
[White "LI, BOYANG:McTiger"]
[Black "COVEY, THEODORE DEAN:VirginiaGuy"]
[Result "1-0"]
[ICCResult "Black resigns"]
[WhiteElo "1361"]
[BlackElo "1218"]
[Opening "two knights defense: Kieseritsky variation"]
[ECO "C58"]
[NIC "KP.01"]
[Time "15:31:59"]
[PlyCount "53"]
[TimeControl "4500+10"]

1. e4 e5 2. Nf3 Nc6 3. Bc4 Nf6 4. Ng5 d5 5. exd5 Na5 6. d3 Nxc4 7. dxc4 Be7
8. Nc3 O-O 9. Qd3 Bg4 10. f3 Bh5 11. Bd2 Bg6 12. Nge4 Qd7 13. O-O-O a5 14.
Nxf6+ Bxf6 15. Qe2 a4 16. a3 Rfe8 17. h4 h6 18. g4 Qe7 19. g5 hxg5 20. hxg5
Bxg5 21. Bxg5 Qxg5+ 22. Kb1 Qf4 23. Rdg1 Qf6 24. c5 Red8 25. Qh2 Kf8 26. d6
cxd6 27. Nd5 { Black resigns } 1-0

[Event "ICC tourney 2479 (75 10)"]
[Site "Internet Chess Club"]
[Date "2021.03.27"]
[Round "2"]
[White "Singh, Saharsh:saharshsingh02"]
[Black "PRABHU, VARUN:varunprabhu"]
[Result "0-1"]
[ICCResult "White checkmated"]
[WhiteElo "914"]
[BlackElo "699"]
[Opening "QGD: Semi-Tarrasch, Primitive Pillsbury variation"]
[ECO "D40"]
[NIC "TD.05"]
[Time "15:32:00"]
[PlyCount "32"]
[TimeControl "4500+10"]

1. d4 d5 2. Nf3 Nf6 3. c4 e6 4. Nc3 c5 5. Bg5 cxd4 6. Qxd4 Be7 7. O-O-O Nc6
8. Qd2 O-O 9. cxd5 exd5 10. a3 h6 11. Bxf6 Bxf6 12. Nxd5 Bg4 13. Rg1 Bf5
14. g4 Bh7 15. g5 Na5 16. Qf4 Nb3# { White checkmated } 0-1

[Event "ICC tourney 2479 (75 10)"]
[Site "Internet Chess Club"]
[Date "2021.03.27"]
[Round "2"]
[White "HAUGHT-TROMP, MATTHEW:MatthewHT"]
[Black "FENG, AARON:aaronfeng"]
[Result "0-1"]
[ICCResult "White resigns"]
[WhiteElo "1037"]
[BlackElo "1094"]
[Opening "Two knights defense"]
[ECO "C55"]
[NIC "IG.01"]
[Time "15:32:01"]
[PlyCount "46"]
[TimeControl "4500+10"]

1. e4 e5 2. Nf3 Nc6 3. Bc4 Nf6 4. O-O Bc5 5. c3 d6 6. d4 exd4 7. cxd4 Bb6
8. Bg5 Bg4 9. Bb5 O-O 10. Bxc6 bxc6 11. Re1 Bxf3 12. Qxf3 Bxd4 13. Nc3 h6
14. Bd2 Re8 15. Rad1 Qe7 16. Bxh6 Bxc3 17. Qg3 Nh5 18. Qg4 Bxe1 19. Qxh5
Bxf2+ 20. Kxf2 Qf6+ 21. Kg1 Qxh6 22. Qf3 Qf6 23. Qe2 d5 { White resigns }
0-1

[Event "ICC tourney 2479 (75 10)"]
[Site "Internet Chess Club"]
[Date "2021.03.27"]
[Round "2"]
[White "YANG, LUCAS:brawnykazoo"]
[Black "MANTRI, RISHAB SAI:Rishabmantri"]
[Result "0-1"]
[ICCResult "White checkmated"]
[WhiteElo "1098"]
[BlackElo "901"]
[Opening "French: advance, Paulsen attack"]
[ECO "C00"]
[NIC "FR.01"]
[Time "15:32:00"]
[PlyCount "66"]
[TimeControl "4500+10"]

1. e4 e6 2. Nf3 d5 3. e5 c5 4. d4 Nc6 5. c3 Qb6 6. a3 Nge7 7. b4 c4 8. a4
a6 9. Nbd2 Ng6 10. Bb2 f6 11. exf6 gxf6 12. Be2 Bd7 13. O-O O-O-O 14. a5
Qc7 15. Rb1 h5 16. Bc1 h4 17. b5 axb5 18. Ra1 Nxa5 19. Qc2 Be8 20. Qa2 b6
21. Ba3 Bxa3 22. Qxa3 Nf4 23. Bd1 Bc6 24. Qb4 Rdg8 25. Ne1 Qg7 26. Bf3 Rh6
27. Qd6 Qc7 28. Qxc7+ Kxc7 29. Nc2 e5 30. Nb4 e4 31. Nxc6 exf3 32. Nxa5
Nh3+ 33. Kh1 fxg2# { White checkmated } 0-1